[Event "40th BAN National Women Chess-ch 2021"]
[Site "Dhaka"]
[Date "2022.01.01"]
[Round "4.4"]
[White "Jannatul, Ferdous"]
[Black "Nusrat, Jahan Liza"]
[Result "1-0"]
[ECO "C90"]
[WhiteElo "1810"]
[BlackElo "1478"]
[Annotator "NA RC"]
[PlyCount "69"]
[EventDate "2021.12.29"]
[EventCountry "BAN"]
[SourceTitle "playchess.com"]
[Source "ChessBase"]
[SourceQuality "1"]
[TimeControl "40/5400+30:1800+30"]

1. e4 e5 2. Nf3 Nc6 3. Bb5 a6 4. Ba4 Nf6 5. O-O d6 6. Re1 Bd7 (6... b5 $11 {is more appropriate.} 7. Bb3 Be7) 7. c3 Be7 8. d4 O-O 9. h3 h6 10. Nbd2 b5 11. Bc2 Nh7 12. dxe5 (12. d5 $14) 12... dxe5 13. Nf1 Qc8 (13... Be6 $14) 14. Ng3 Rd8 15. Qe2 Be6 16. Nf5 Bc4 {[%emt 0:03:49] [#]} ({Black should play} 16... Bf8 $14) 17. Nxe7+ $2 ({White must play} 17. Nxe5 $1 $18 Bxe2 18. Nxc6) 17... Nxe7 18. Qe3 Ng6 $1 19. b3 Be6 20. Qc5 {[%emt 0:02:20] [#]} (20. a4 $142) 20... Bxh3 $1 21. Nxe5 {[%emt 0:23:27] [#]} ({But not} 21. gxh3 $2 Qxh3 22. Re3 (22. Nxe5 $2 {gets mated.} Nh4) 22... Qg4+ 23. Kf1 Nf4 $19) 21... Nxe5 (21... Qe6 $1 $11 {remains equal.} 22. Re3 (22. Nxg6 Qxg6) 22... Nxe5 23. Rxh3 Ng5 24. Bxg5 hxg5) 22. Qxe5 Rd6 $2 23. Kh2 $2 (23. gxh3 $18 {and the rest is easy.} Qxh3 24. Re3 Rg6+ 25. Rg3) 23... Bxg2 24. Kxg2 Qg4+ $2 (24... Rg6+ $16 25. Kh2 Nf6) 25. Qg3 Qd7 26. e5 Rb6 27. Be3 Rbb8 28. Bxh6 g6 29. Rad1 Qe6 30. Be4 Ra7 31. Bd5 Qf5 32. e6 c6 33. Qxb8+ Nf8 34. Qxf8+ Kh7 35. Qg7# 1-0

[Event "40th BAN National Women Chess-ch 2021"]
[Site "Dhaka"]
[Date "2022.01.01"]
[Round "4.5"]
[White "Nusrat Jahan, Alo"]
[Black "Nargis, Kaumudi"]
[Result "1-0"]
[ECO "B12"]
[WhiteElo "1766"]
[BlackElo "1237"]
[Annotator "NA RC"]
[PlyCount "87"]
[EventDate "2021.12.29"]
[EventCountry "BAN"]
[SourceTitle "playchess.com"]
[Source "ChessBase"]
[SourceQuality "1"]
[TimeControl "40/5400+30:1800+30"]

1. e4 d6 2. d4 c6 3. Nf3 Nd7 4. Nc3 Qc7 5. Be2 e5 6. d5 Ngf6 7. O-O Be7 8. Re1 O-O 9. Bf1 Ne8 10. b3 Nb6 11. Bb2 Bg4 12. h3 Bh5 13. dxc6 bxc6 14. Qd3 Bg6 15. Rad1 Rd8 16. Qe3 f5 17. exf5 Bxf5 18. Bd3 Bxd3 19. Rxd3 Nd5 20. Nxd5 cxd5 21. Rxd5 Qxc2 22. Rd2 Qc7 23. Rc1 Qb7 24. Rdc2 h6 25. Qe2 Bf6 26. Rd1 e4 27. Nd4 Bxd4 28. Bxd4 Rf7 29. Rcd2 d5 30. Bb2 Nc7 31. Qh5 Ne6 32. Rxd5 Rxd5 33. Qxd5 Qa6 34. Qxe4 Ng5 35. Rd8+ Rf8 36. Qd5+ Ne6 37. Rd6 Qe2 38. Qxe6+ Qxe6 39. Rxe6 Rd8 40. Re7 Kf8 41. Rxa7 Rd2 42. Bxg7+ Kg8 43. Bxh6 Rd1+ 44. Kh2 1-0

[Event "40th BAN National Women Chess-ch 2021"]
[Site "Dhaka"]
[Date "2022.01.02"]
[Round "5.3"]
[White "Kazi Zarin, Tasnim"]
[Black "Nusrat Jahan, Alo"]
[Result "0-1"]
[ECO "B42"]
[WhiteElo "1829"]
[BlackElo "1766"]
[Annotator "NA"]
[PlyCount "74"]
[EventDate "2021.12.29"]
[EventCountry "BAN"]
[SourceTitle "playchess.com"]
[Source "ChessBase"]
[SourceQuality "1"]
[TimeControl "40/5400+30:1800+30"]

1. e4 c5 2. Nf3 e6 3. d4 cxd4 4. Nxd4 a6 5. Bd3 Qc7 6. Qe2 Nc6 7. Nxc6 bxc6 8. O-O d6 9. c4 Nf6 10. Nc3 Be7 11. f4 O-O 12. g4 d5 13. g5 dxe4 14. Nxe4 Nxe4 15. Qxe4 g6 16. Be3 c5 17. Qf3 Bb7 18. Qg3 Qc6 19. h4 Rfd8 20. Be2 Qe4 21. Rae1 Qc2 (21... Rab8 $5 ) 22. Kf2 {[%emt 0:00:00] [#]} Be4 $1 (22... Qxb2 $2 23. Rb1 Qxa2 24. Rxb7 $18) 23. Rb1 (23. Rd1 $17) 23... Bd3 $2 ({Don't do} 23... Rd3 24. Rfc1 Qa4 25. Bxd3 Bxd3 26. Ra1 $16) (23... Rab8 $19 24. Rfd1 Rxd1 25. Rxd1 Rxb2) 24. Rfe1 (24. Qf3 $17 {was called for.}) 24... Bxe2 (24... Rab8 $19 25. Qg2 Rxb2 26. Rxb2 Qxb2) 25. Rbc1 Qxb2 26. Rxe2 Qa3 27. h5 Rab8 $15 (27... gxh5 $17 28. Qh3 Qd3 29. Qxh5 Bf8) 28. Rcc2 (28. hxg6 $17 hxg6 29. Rh1) 28... Rb1 29. f5 Bd6 30. Qh4 exf5 31. Bf4 Bxf4 32. Qxf4 Qh3 33. Re1 Rxe1 34. Kxe1 Qh1+ 35. Kf2 Qh3 36. Re2 Qh2+ 37. Kf1 Qxh5 0-1

[Event "40th BAN National Women Chess-ch 2021"]
[Site "Dhaka"]
[Date "2022.01.02"]
[Round "5.5"]
[White "Nusrat, Jahan Liza"]
[Black "Hamid, Rani"]
[Result "1-0"]
[ECO "B43"]
[WhiteElo "1478"]
[BlackElo "1864"]
[Annotator "NA RC"]
[PlyCount "85"]
[EventDate "2021.12.29"]
[EventCountry "BAN"]
[SourceTitle "playchess.com"]
[Source "ChessBase"]
[SourceQuality "1"]
[TimeControl "40/5400+30:1800+30"]

1. e4 c5 2. Nf3 e6 3. d4 cxd4 4. Nxd4 a6 5. Nc3 Qc7 6. Bd3 Nf6 7. a3 Nc6 8. Nxc6 bxc6 9. O-O Be7 10. Kh1 d5 11. Bg5 d4 12. Ne2 e5 (12... c5 $142 13. b3 O-O) 13. f4 Ng4 14. Qc1 (14. Bxe7 $15 Ne3 15. Qe1 Qxe7 16. Qg3) 14... Bxg5 15. fxg5 Be6 16. Ng3 c5 (16... h6 $17 17. Nh5 Kf8) 17. b3 Ne3 18. Rf2 g6 19. Nf1 c4 20. bxc4 Nxc4 21. Nd2 $15 (21. c3 $1 $11 Rd8 22. Rc2) 21... Ne3 22. Nf1 Ng4 (22... Nxf1 $1 $15 23. Rxf1 O-O) 23. Rf3 h6 24. h3 hxg5 25. Qxg5 Rh5 26. Qd2 Qb6 27. Kg1 Nh6 28. Ng3 Ng8 29. Nxh5 gxh5 30. Qg5 f6 31. Qxh5+ Bf7 32. Qh7 Ra7 33. Qh8 Ke7 34. Raf1 Rc7 35. Qg7 Ke8 36. Rxf6 Nxf6 37. Rxf6 Qa5 38. Rxa6 Qe1+ 39. Kh2 Qf2 40. Qxe5+ Kd8 41. Ra8+ Kd7 42. Bb5+ Rc6 43. Ra7+ 1-0

[Event "40th BAN National Women Chess-ch 2021"]
[Site "Dhaka"]
[Date "2022.01.02"]
[Round "5.6"]
[White "Thakur Jania, Haque"]
[Black "Khan, Nazrana"]
[Result "1/2-1/2"]
[ECO "D30"]
[WhiteElo "1472"]
[BlackElo "1848"]
[Annotator "NA RC"]
[PlyCount "46"]
[EventDate "2021.12.29"]
[EventCountry "BAN"]
[SourceTitle "playchess.com"]
[Source "ChessBase"]
[SourceQuality "1"]
[TimeControl "40/5400+30:1800+30"]

1. c4 Nf6 2. Nf3 e6 3. d4 d5 4. b3 a6 5. Nc3 Bb4 6. Bd2 c5 7. e3 cxd4 8. exd4 Nc6 9. a3 Be7 10. c5 Ne4 11. Bd3 f5 12. Ne2 O-O 13. Qc2 Bf6 14. Bc3 Bd7 15. b4 Ne7 16. Ne5 Qc7 17. f3 Bxe5 18. dxe5 Nxc3 19. Qxc3 Bc6 20. Qd4 Be8 21. f4 Bh5 22. Ng3 Bg6 23. O-O Nc6 1/2-1/2

[Event "40th BAN National Women Chess-ch 2021"]
[Site "Dhaka"]
[Date "2022.01.03"]
[Round "6.2"]
[White "Jannatul, Ferdous"]
[Black "Talukder, Umme Taslima Protiva"]
[Result "1/2-1/2"]
[ECO "B84"]
[WhiteElo "1810"]
[BlackElo "1706"]
[Annotator "NA RC"]
[PlyCount "91"]
[EventDate "2021.12.29"]
[EventCountry "BAN"]
[SourceTitle "playchess.com"]
[Source "ChessBase"]
[SourceQuality "1"]
[TimeControl "40/5400+30:1800+30"]

1. e4 c5 2. Nf3 d6 3. d4 cxd4 4. Nxd4 Nf6 5. Nc3 a6 6. Be3 e6 7. Be2 Be7 8. O-O O-O 9. Kh1 b5 10. a3 (10. Bf3 $11) 10... Bb7 11. Bd3 Nbd7 12. f4 Nc5 13. Qf3 $1 Nxd3 14. cxd3 Rc8 15. Rac1 Qd7 16. g4 d5 (16... Qe8 $11 {remains equal.}) 17. e5 Ne8 18. f5 b4 19. axb4 Bxb4 20. Qh3 Be7 $2 (20... Bc5 $16) 21. Kg1 (21. Qh5 $18) 21... Kh8 (21... Bc5 $16 {was worth a try.}) 22. g5 (22. Rf3 $18 exf5 23. Rxf5 (23. gxf5 Qc7 $16)) 22... exf5 23. Qxf5 ({Reject} 23. Rxf5 $6 g6 24. e6 fxe6 25. Rxf8+ Bxf8 $11) 23... Qxf5 24. Nxf5 Bd8 25. Na4 Rxc1 26. Rxc1 Bc7 (26... h6 $16) 27. Bc5 Rg8 28. Ne7 Bxe5 29. Nxg8 Kxg8 30. Re1 f6 31. d4 Bc6 32. dxe5 Bxa4 33. gxf6 gxf6 34. e6 Kg7 35. Kf2 Kg6 36. Ke3 Kf5 37. Kd4 Nc7 38. e7 Bc6 39. Bb4 Ne6+ 40. Kd3 Bb5+ 41. Kd2 Be8 $18 (41... d4 $142 42. h4 Ng7) 42. Rc1 Kg6 43. Rc3 Kf7 44. Rh3 Ng5 45. Rd3 Bc6 46. Kc3 1/2-1/2

[Event "40th BAN National Women Chess-ch 2021"]
[Site "Dhaka"]
[Date "2022.01.03"]
[Round "6.5"]
[White "Nusrat, Jahan Liza"]
[Black "Israt, Jahan Diba"]
[Result "0-1"]
[ECO "B72"]
[WhiteElo "1478"]
[BlackElo "1630"]
[Annotator "NA RC"]
[PlyCount "56"]
[EventDate "2021.12.29"]
[EventCountry "BAN"]
[SourceTitle "playchess.com"]
[Source "ChessBase"]
[SourceQuality "1"]
[TimeControl "40/5400+30:1800+30"]

1. e4 c5 2. Nf3 d6 3. d4 cxd4 4. Nxd4 Nf6 5. Nc3 g6 6. Be3 Bg7 7. Be2 O-O 8. Qd2 Nc6 9. h3 d5 10. exd5 Nxd5 11. Nxc6 bxc6 12. Rb1 Rb8 13. Nxd5 cxd5 14. b3 Bf5 15. O-O Rc8 16. Bd3 Qd7 17. Bh6 Bxh6 18. Qxh6 Bxd3 19. cxd3 Rc2 20. Ra1 Rfc8 21. Qe3 Qc7 22. Rfe1 e6 23. h4 Qc5 24. Qxc5 Rc6 25. Qxc2 Rxc2 26. Kf1 Rc3 27. Reb1 Rxd3 28. Rd1 Rd2 0-1

[Event "40th BAN National Women Chess-ch 2021"]
[Site "Dhaka"]
[Date "2022.01.03"]
[Round "6.6"]
[White "Tasnia Tarannum, Orpa"]
[Black "Musfica Zannat, Sawri"]
[Result "1-0"]
[ECO "B33"]
[WhiteElo "1618"]
[BlackElo "1361"]
[Annotator "NA RC"]
[PlyCount "87"]
[EventDate "2021.12.29"]
[EventCountry "BAN"]
[SourceTitle "playchess.com"]
[Source "ChessBase"]
[SourceQuality "1"]
[TimeControl "40/5400+30:1800+30"]

1. e4 c5 2. Nf3 Nc6 3. d4 cxd4 4. Nxd4 e5 5. Nb5 d6 6. N1c3 a6 7. Na3 Nf6 8. Bg5 Be7 9. Bxf6 Bxf6 10. Nd5 b5 11. c3 O-O 12. Nc2 Bg5 13. h4 Bh6 14. g4 f6 15. Nce3 Bxe3 16. Nxe3 Ne7 17. Nf5 Bxf5 18. gxf5 d5 19. Qb3 Kh8 20. O-O-O d4 21. Kb1 Nc6 22. f4 Qd6 23. Qc2 Rfc8 24. Qf2 b4 25. cxd4 Nxd4 26. fxe5 fxe5 27. Bd3 b3 28. a3 Qc6 29. Rc1 Qd6 30. Bc4 Rc7 31. Bd5 Rac8 32. Rxc7 Qxc7 33. Qf1 Qc2+ 34. Ka1 Nb5 35. f6 g6 36. f7 Kg7 37. h5 Nc3 38. hxg6 hxg6 39. Qh3 Nd1 40. Qh6+ Kf6 41. f8=Q+ Rxf8 42. Qxf8+ Kg5 43. Rg1+ Kh5 44. Qh8# 1-0

[Event "40th BAN National Women Chess-ch 2021"]
[Site "Dhaka"]
[Date "2022.01.04"]
[Round "7.1"]
[White "Noshin, Anjum"]
[Black "Nusrat Jahan, Alo"]
[Result "1-0"]
[ECO "B40"]
[WhiteElo "2045"]
[BlackElo "1766"]
[Annotator "ChessBase"]
[PlyCount "101"]
[EventDate "2021.12.29"]
[EventCountry "BAN"]
[SourceTitle "playchess.com"]
[Source "ChessBase"]
[SourceQuality "1"]
[TimeControl "40/5400+30:1800+30"]

1. e4 c5 2. d4 cxd4 3. Qxd4 Nc6 4. Qd1 Nf6 5. Nc3 e6 6. Bd3 Bb4 7. Nge2 d5 8. exd5 Nxd5 9. Bd2 O-O 10. O-O Nf6 11. Bg5 Be7 12. a3 a6 13. Ng3 h6 14. Be3 b5 15. Be2 Qc7 16. Bf3 Bb7 17. Qe2 Rfd8 18. Rfd1 Rd7 19. Nge4 Nxe4 20. Rxd7 Qxd7 21. Bxe4 Qc7 22. Rd1 Bf6 23. g3 Rd8 24. Bf4 Rxd1+ 25. Qxd1 e5 26. Nd5 Qd8 27. Nxf6+ Qxf6 28. Qd7 Qe7 29. Qxe7 Nxe7 30. Bxb7 exf4 31. Bxa6 b4 32. axb4 Nd5 33. c3 Kf8 34. Kg2 Ke7 35. Bb7 Nb6 36. b3 fxg3 37. fxg3 Kd6 38. Kf3 Nd7 39. Ke3 Ne5 40. h3 f6 41. c4 Nf7 42. Bd5 Ne5 43. Kd4 g6 44. c5+ Kc7 45. b5 Nd7 46. b4 g5 47. b6+ Kb8 48. b5 h5 49. Be6 Ne5 50. c6 h4 51. c7+ 1-0

[Event "40th BAN National Women Chess-ch 2021"]
[Site "Dhaka"]
[Date "2022.01.04"]
[Round "7.3"]
[White "Israt, Jahan Diba"]
[Black "Jannatul, Ferdous"]
[Result "1/2-1/2"]
[ECO "B19"]
[WhiteElo "1630"]
[BlackElo "1810"]
[Annotator "NA RC"]
[PlyCount "103"]
[EventDate "2021.12.29"]
[EventCountry "BAN"]
[SourceTitle "playchess.com"]
[Source "ChessBase"]
[SourceQuality "1"]
[TimeControl "40/5400+30:1800+30"]

1. e4 c6 2. d4 d5 3. Nc3 dxe4 4. Nxe4 Bf5 5. Ng3 Bg6 $1 6. h4 h6 7. Nf3 Nd7 8. h5 Bh7 9. Bd3 Bxd3 10. Qxd3 e6 11. Bd2 Ngf6 12. O-O-O Be7 13. Ne4 Nxe4 14. Qxe4 Nf6 15. Qe2 Qd5 16. c4 Qe4 17. Qxe4 Nxe4 18. Be3 O-O 19. g4 Rfd8 20. Rde1 c5 21. Rhg1 cxd4 22. Bxd4 Ng5 23. Nxg5 Rxd4 24. Ne4 Rxc4+ 25. Kb1 Bb4 26. Re2 Rd8 27. g5 hxg5 28. Nxg5 Rh4 29. Re4 Rxe4 30. Nxe4 Kf8 31. Ng5 Be7 32. f4 Rd4 33. Rc1 Bxg5 34. fxg5 e5 35. Rc8+ Ke7 36. Rc7+ Ke6 37. Rxb7 a5 38. Ra7 a4 39. Kc2 Rh4 40. h6 gxh6 41. gxh6 f5 42. h7 e4 43. b4 axb3+ 44. axb3 Ke5 45. b4 Kd4 46. b5 Kc5 47. Rf7 Kxb5 48. Kc3 Rh3+ 49. Kd4 Rd3+ $2 (49... Rh4 $11) 50. Ke5 Rh3 51. Rxf5 Rxh7 52. Kxe4+ $11 1/2-1/2

[Event "40th BAN National Women Chess-ch 2021"]
[Site "Dhaka"]
[Date "2022.01.04"]
[Round "7.4"]
[White "Talukder, Umme Taslima Protiva"]
[Black "Tasnia Tarannum, Orpa"]
[Result "1-0"]
[ECO "D45"]
[WhiteElo "1706"]
[BlackElo "1618"]
[Annotator "NA"]
[PlyCount "81"]
[EventDate "2021.12.29"]
[EventCountry "BAN"]
[SourceTitle "playchess.com"]
[Source "ChessBase"]
[SourceQuality "1"]
[TimeControl "40/5400+30:1800+30"]

1. d4 d5 2. c4 c6 3. Nc3 e6 4. e3 Nf6 5. Nf3 Nbd7 6. a3 dxc4 7. Bxc4 b5 8. Be2 Bb7 9. O-O a6 10. Bd2 c5 11. dxc5 Bxc5 12. Rc1 Qb8 13. Nd4 Bd6 14. h3 Ne5 15. Na2 Nd5 16. f4 Nc4 17. Bxc4 bxc4 18. Rxc4 O-O 19. Nb4 Ne7 20. Qc2 e5 21. Ndc6 Nxc6 22. Nxc6 Qe8 23. f5 Qd7 24. e4 Bxc6 25. Rxc6 Rfd8 26. Be3 Qb7 27. Rc1 Bf8 28. Qc3 f6 29. Qc4+ Kh8 30. Bb6 Re8 31. Kh2 h6 32. a4 a5 33. b3 Kh7 34. Be3 Kh8 35. Rc7 Qb4 36. Qf7 Kh7 37. Qg6+ Kh8 38. Bxh6 Re7 39. Rc8 Rxc8 40. Rxc8 Rd7 41. Qe8 1-0

[Event "40th BAN National Women Chess-ch 2021"]
[Site "Dhaka"]
[Date "2022.01.04"]
[Round "7.5"]
[White "Omnia Binta Yusuf, Lubaba"]
[Black "Khan, Nazrana"]
[Result "1/2-1/2"]
[ECO "B22"]
[WhiteElo "1439"]
[BlackElo "1848"]
[Annotator "NA"]
[PlyCount "83"]
[EventDate "2021.12.29"]
[EventCountry "BAN"]
[SourceTitle "playchess.com"]
[Source "ChessBase"]
[SourceQuality "1"]
[TimeControl "40/5400+30:1800+30"]

1. e4 c5 2. c3 d5 3. exd5 Qxd5 4. Nf3 Nf6 5. Na3 e6 6. d4 Be7 7. Bc4 Qd8 8. Nc2 O-O 9. O-O Nc6 10. dxc5 Bxc5 11. Be3 Bxe3 12. Nxe3 Qc7 13. Qc2 b6 14. Rad1 Bb7 15. Rd2 Rad8 16. Rfd1 Rxd2 17. Rxd2 h6 18. Nd4 Nxd4 19. Rxd4 Rd8 20. Rxd8+ Qxd8 21. Qd3 Qxd3 22. Bxd3 Kf8 23. Kf1 Ke7 24. Ke2 Nd5 25. g3 Nxe3 26. Kxe3 Kd6 27. b4 a5 28. a3 Bc6 29. c4 axb4 30. axb4 Be8 31. f4 f6 $11 32. f5 e5 33. Be4 Bf7 34. Kd3 Be8 35. g4 Bd7 36. Bb7 Ba4 37. Bf3 Bb3 38. Kc3 Ba4 39. Kd3 Be8 40. Be4 Bf7 41. Kc3 Be8 42. Kd3 1/2-1/2

[Event "40th BAN National Women Chess-ch 2021"]
[Site "Dhaka"]
[Date "2022.01.04"]
[Round "7.6"]
[White "Wadifa, Ahmed"]
[Black "Neelava, Choudhury"]
[Result "1-0"]
[ECO "C90"]
[WhiteElo "1807"]
[BlackElo "1435"]
[Annotator "NA"]
[PlyCount "56"]
[EventDate "2021.12.29"]
[EventCountry "BAN"]
[SourceTitle "playchess.com"]
[Source "ChessBase"]
[SourceQuality "1"]
[TimeControl "40/5400+30:1800+30"]

1. e4 e5 2. Nf3 Nc6 3. Bb5 a6 4. Ba4 Nf6 5. O-O Be7 6. Re1 b5 7. Bb3 O-O 8. d3 d6 9. c3 Na5 10. Bc2 c5 11. Nbd2 Bb7 12. Nf1 Re8 13. Ng3 g6 14. d4 Qc7 15. d5 Bf8 16. Bg5 Bg7 17. Qc1 Bc8 18. Nh4 Nb7 19. Rf1 c4 20. a4 Bd7 21. Bh6 Qd8 22. Bxg7 Kxg7 23. axb5 Bxb5 24. Qg5 Kh8 25. f4 Nd7 26. Qh6 exf4 27. Rxf4 Ne5 28. Nhf5 gxf5 1-0

[Event "40th BAN National Women Chess-ch 2021"]
[Site "Dhaka"]
[Date "2022.01.05"]
[Round "8.2"]
[White "Nusrat Jahan, Alo"]
[Black "Talukder, Umme Taslima Protiva"]
[Result "1/2-1/2"]
[ECO "B94"]
[WhiteElo "1766"]
[BlackElo "1706"]
[Annotator "NA RC"]
[PlyCount "93"]
[EventDate "2021.12.29"]
[EventCountry "BAN"]
[SourceTitle "playchess.com"]
[Source "ChessBase"]
[SourceQuality "1"]
[TimeControl "40/5400+30:1800+30"]

1. e4 c5 2. Nf3 d6 3. d4 cxd4 4. Nxd4 Nf6 5. Nc3 a6 6. Bg5 h6 7. Bxf6 gxf6 8. Qf3 Nd7 9. Nd5 Ne5 10. Qc3 Kd7 11. Qb4 Ra7 12. Nb6+ Ke8 13. O-O-O Bd7 14. Nxd7 Qxd7 15. Qb6 Ra8 16. f4 Nc6 17. Nb3 Qc8 18. Rd3 e6 19. Rc3 Qd7 20. Rd3 Qc8 21. Be2 Be7 22. Rhd1 Bd8 23. Qf2 Nb4 24. R3d2 Be7 25. a3 Nc6 26. Bf3 Qc7 27. Bh5 Rc8 28. Kb1 b5 29. Nd4 Nxd4 30. Qxd4 Qc5 31. Qxc5 Rxc5 32. Bf3 Kd7 33. b3 Rhc8 34. Kb2 R8c7 35. Rc1 Rc3 36. Rd3 Rxd3 37. cxd3 Rxc1 38. Kxc1 a5 39. f5 d5 40. Kb2 dxe4 41. dxe4 Bd6 42. h3 Be5+ 43. Kc2 b4 44. a4 exf5 45. exf5 Kd6 46. Kd3 Bg3 47. Ke4 1/2-1/2

[Event "40th BAN National Women Chess-ch 2021"]
[Site "Dhaka"]
[Date "2022.01.05"]
[Round "8.3"]
[White "Israt, Jahan Diba"]
[Black "Sultana, Sharmin Shirin"]
[Result "1-0"]
[ECO "B43"]
[WhiteElo "1630"]
[BlackElo "1975"]
[Annotator "RC"]
[PlyCount "77"]
[EventDate "2021.12.29"]
[EventCountry "BAN"]
[SourceTitle "playchess.com"]
[Source "ChessBase"]
[SourceQuality "1"]
[TimeControl "40/5400+30:1800+30"]

1. e4 c5 2. Nf3 e6 3. d4 cxd4 4. Nxd4 a6 5. Nc3 Qc7 6. Bd3 Nf6 7. O-O b5 8. a3 Bb7 9. Kh1 d5 10. exd5 Nxd5 11. Nxd5 Bxd5 12. Qg4 Nd7 13. Bf4 Qb6 14. Nf3 Nf6 15. Qh3 Be7 16. Rae1 Bxf3 17. gxf3 Rd8 18. Rg1 Bf8 19. Bf5 Be7 20. Bd3 g6 21. Bg5 Rd5 22. Bxg6 fxg6 23. Rxe6 Rd6 24. Rge1 O-O 25. Rxe7 Nh5 26. Bh6 Rfd8 27. Re8+ Rxe8 28. Rxe8+ Kf7 29. Rf8+ Ke7 30. Qc8 Re6 31. Re8+ Kf6 32. Qc3+ Kf7 33. Rf8+ Ke7 34. Qb4+ Kd7 35. Rf7+ Kc6 36. Qc3+ Kd6 37. Qd3+ Kc6 38. Qd7+ Kc5 39. b4+ 1-0

[Event "40th BAN National Women Chess-ch 2021"]
[Site "Dhaka"]
[Date "2022.01.05"]
[Round "8.4"]
[White "Jannatul, Ferdous"]
[Black "Wadifa, Ahmed"]
[Result "1-0"]
[ECO "B41"]
[WhiteElo "1810"]
[BlackElo "1807"]
[Annotator "NA RC"]
[PlyCount "79"]
[EventDate "2021.12.29"]
[EventCountry "BAN"]
[SourceTitle "playchess.com"]
[Source "ChessBase"]
[SourceQuality "1"]
[TimeControl "40/5400+30:1800+30"]

1. e4 c5 2. Nf3 e6 3. d4 cxd4 4. Nxd4 a6 5. c4 Nc6 6. Nc3 Qc7 7. Be3 Nf6 8. a3 b6 9. Be2 Bb7 10. f3 Nxd4 11. Bxd4 Bc5 12. b4 Bxd4 13. Qxd4 O-O 14. e5 Ne8 15. Na4 Rb8 16. Nxb6 Bxf3 17. Nxd7 Rd8 18. Bxf3 Rxd7 19. Qc3 f6 20. exf6 Nxf6 21. O-O e5 22. Rfe1 Re8 23. c5 Kh8 24. Rad1 e4 25. Rxd7 Qxd7 26. Rd1 Qb5 27. a4 Qxa4 28. Be2 e3 29. Ra1 Ne4 30. Qb2 Qd7 31. Bxa6 Nd2 32. Re1 Qf7 33. Qc1 Qf2+ 34. Kh1 h6 35. c6 Qf4 36. Be2 Qc7 37. b5 Re4 38. b6 Qxb6 39. c7 Re8 40. c8=Q 1-0

[Event "40th BAN National Women Chess-ch 2021"]
[Site "Dhaka"]
[Date "2022.01.05"]
[Round "8.5"]
[White "Hamid, Rani"]
[Black "Thakur Jania, Haque"]
[Result "1/2-1/2"]
[ECO "A23"]
[WhiteElo "1864"]
[BlackElo "1472"]
[Annotator "NA RC"]
[PlyCount "88"]
[EventDate "2021.12.29"]
[EventCountry "BAN"]
[SourceTitle "playchess.com"]
[Source "ChessBase"]
[SourceQuality "1"]
[TimeControl "40/5400+30:1800+30"]

1. c4 e5 2. Nc3 Nf6 3. g3 c6 4. Bg2 Bc5 5. d3 d5 6. cxd5 cxd5 7. Nf3 Nc6 8. O-O Be6 9. Ng5 O-O 10. Nxe6 fxe6 11. Bh3 Qe7 12. Bd2 Rad8 13. Rc1 e4 14. Na4 Bd6 15. Bg5 h6 16. Bxf6 Qxf6 17. dxe4 dxe4 18. Qc2 Qe5 19. Qc4 Nd4 20. Nc3 {[%emt 0:00:29] [#]} Rc8 $1 21. Qa4 {[%emt 0:00:48] [#]} Rxc3 $1 22. Rxc3 Nxe2+ 23. Kh1 Nxc3 24. bxc3 Bc5 25. Qc4 Rf6 26. Bg2 e3 27. f4 Qc7 28. f5 Kh8 29. fxe6 Rxf1+ 30. Qxf1 Qe7 31. Bd5 b6 32. Qb5 Qf8 33. Qe2 $1 Qf2 34. Bf3 Qxe2 35. Bxe2 Kg8 36. Kg2 Kf8 37. Kf3 Ke7 38. Bc4 Kf6 39. h4 g5 40. hxg5+ hxg5 41. Kg4 Bd6 42. Kf3 $11 Bc5 43. a4 a5 44. g4 Ke5 1/2-1/2

[Event "40th BAN National Women Chess-ch 2021"]
[Site "Dhaka"]
[Date "2022.01.05"]
[Round "8.6"]
[White "Khan, Nazrana"]
[Black "Jannatul, Ferdousi"]
[Result "1-0"]
[ECO "D47"]
[WhiteElo "1848"]
[BlackElo "1532"]
[Annotator "NA RC"]
[PlyCount "77"]
[EventDate "2021.12.29"]
[EventCountry "BAN"]
[SourceTitle "playchess.com"]
[Source "ChessBase"]
[SourceQuality "1"]
[TimeControl "40/5400+30:1800+30"]

1. d4 d5 2. c4 c6 3. Nf3 e6 4. Nc3 Nf6 5. e3 Nbd7 6. Bd3 dxc4 7. Bxc4 b5 8. Bd3 Bb7 9. O-O Bd6 10. e4 e5 11. h3 O-O 12. Be3 a6 13. dxe5 Nxe5 14. Nxe5 Bxe5 15. Qe2 Rc8 16. Rad1 Qe7 17. Bg5 Qe6 18. f4 Bd4+ 19. Kh2 c5 20. e5 Nd7 21. Ne4 Bxe4 $16 (21... f6 $11) 22. Qxe4 g6 23. b3 Rfe8 24. Qf3 f6 25. exf6 Nxf6 26. f5 gxf5 27. Bxf5 Qe5+ 28. Kh1 Ra8 29. Bxf6 Qxf6 30. Bxh7+ Kxh7 31. Qxf6 Bxf6 32. Rxf6 Re2 33. a4 bxa4 34. bxa4 a5 35. Rd7+ Kg8 36. Rd5 Ra2 37. Rg5+ Kh7 38. Rf4 Rc8 39. Rh4# 1-0

[Event "40th BAN National Women Chess-ch 2021"]
[Site "Dhaka"]
[Date "2022.01.06"]
[Round "9.1"]
[White "Jannatul, Ferdous"]
[Black "Ahmed, Walijah"]
[Result "1-0"]
[ECO "B44"]
[WhiteElo "1810"]
[BlackElo "1919"]
[Annotator "ChessBase"]
[PlyCount "127"]
[EventDate "2021.12.29"]
[EventCountry "BAN"]
[SourceTitle "playchess.com"]
[Source "ChessBase"]
[SourceQuality "1"]
[TimeControl "40/5400+30:1800+30"]

1. e4 c5 2. Nf3 e6 3. d4 cxd4 4. Nxd4 Nc6 5. c4 Nf6 6. Nc3 Bb4 7. Nxc6 bxc6 8. Bd3 e5 9. O-O Bc5 10. Qe2 d6 11. h3 Rb8 12. a3 a5 13. Rb1 O-O 14. Be3 Bxe3 15. Qxe3 Nh5 16. c5 Nf4 17. Rfd1 dxc5 18. Bf1 Qg5 19. Kh2 Ba6 20. g3 Bxf1 21. Rxf1 Ne6 22. f4 Qh6 23. Qf2 exf4 24. gxf4 Rfd8 25. Rbd1 c4 26. f5 Rxd1 27. Nxd1 Ng5 28. h4 Nxe4 29. Qf4 Qxf4+ 30. Rxf4 Nd6 31. f6 gxf6 32. Rxf6 Rd8 33. Ne3 Kg7 34. Rxd6 Re8 35. Nxc4 Re4 36. Nxa5 Re2+ 37. Kg3 c5 38. Rb6 f6 39. Nb7 c4 40. a4 f5 41. a5 Re3+ 42. Kf4 Re4+ 43. Kxf5 Rxh4 44. a6 Rh1 45. Na5 Rh5+ 46. Ke4 Rxa5 47. Kd4 Ra4 48. Kc5 h5 49. Rb7+ Kg6 50. a7 h4 51. Kb5 Ra2 52. Rb6+ Kg5 53. Ra6 Rxb2+ 54. Kc5 c3 55. a8=Q c2 56. Qg2+ Kf4 57. Rf6+ Ke5 58. Qg5+ Ke4 59. Qxh4+ Ke5 60. Qg5+ Ke4 61. Rf4+ Kd3 62. Qg3+ Kd2 63. Rf2+ Ke1 64. Qg1# 1-0